 Dungeon Crawl Stone Soup version 0.30.0-5-g1a98f26d00 (webtiles) character file.

Game seed: 13353503568819738382

1775 NateTC the Basher (level 9, 0/52 HPs)
             Began as a Gargoyle Fighter on May 9, 2023.
             Was a Follower of Elyvilon.
             Slain by an orc warrior
             ... wielding a +0 flail
              (1 damage)
             ... on level 6 of the Dungeon on May 10, 2023.
             The game lasted 00:11:10 (5281 turns).

NateTC the Basher (Gargoyle Fighter)                Turns: 5281, Time: 00:11:11

Health: 0/52       AC: 26    Str: 24    XL:     9   Next: 7%
Magic:  7/9        EV:  7    Int:  9    God:    Elyvilon [*.....]
Gold:   305        SH:  4    Dex:  9    Spells: 8/8 levels left

rFire   . . .        b - +0 morningstar
rCold   . . .        c - +0 buckler
rNeg    + + .        s - +0 plate armour
rPois   ∞            m - +0 helmet
rElec   +            (no cloak)
rCorr   .            d - +2 pair of gloves
SInv    .            e - +0 pair of boots
Will    .....        (no amulet) Stlth
                     i - ring of positive energy
HPRegen 0.28/turn    (no ring)
MPRegen 0.11/turn

%: no passive effects
@: no status effects
A: sickness immunity, AC +6, negative energy resistance 1, electricity
resistance, torment resistance 1, petrification resistance
a: Renounce Religion, Purification


You were on level 6 of the Dungeon.
You worshipped Elyvilon.
Elyvilon was aware of your devotion.
You visited 1 branch of the dungeon, and saw 6 of its levels.

You collected 305 gold pieces.

Inventory:

Hand Weapons
 b - a +0 morningstar (weapon)
Armour
 c - a +0 buckler (worn)
 d - a +2 pair of gloves (worn)
 e - a +0 pair of boots (worn)
 m - a +0 helmet (worn)
 s - a +0 plate armour (worn)
Jewellery
 i - a ring of positive energy (left hand)
 n - a ring of magical power
 p - a ring of ice
 w - a ring of protection from fire
Wands
 j - a wand of iceblast (8)
 r - a wand of flame (15)
 v - a wand of quicksilver (9)
Scrolls
 a - 2 scrolls of blinking
 h - a scroll of torment {unknown}
 l - a scroll of noise
 o - a scroll of teleportation
 t - a scroll of enchant weapon
Potions
 f - 5 potions of curing
 g - 3 potions of attraction
 k - 3 potions of degeneration
 q - a potion of mutation
 u - a potion of flight


   Skills:
 - Level 4.4 Fighting
 * Level 8.6 Maces & Flails
 - Level 8.2 Armour
 + Level 4.0 Shields


You had 8 spell levels left.
You didn't know any spells.
Your spell library contained the following spells:

 Spells                   Type           Power      Damage    Failure   Level
 Blink                    Tloc           0%         N/A       100%        2
 Lesser Beckoning         Tloc           0%         N/A       100%        2
 Momentum Strike          Conj/Tloc      0%         3d8       100%        2
 Volatile Blastmotes      Fire/Tloc      0%         2d10      100%        3
 Fulminant Prism          Conj/Hex       0%         3d5       100%        4
 Iskenderun's Mystic Bla  Conj/Tloc      0%         2d3       100%        4
 Lee's Rapid Deconstruct  Erth           0%         3d4*      100%        5


Dungeon Overview and Level Annotations

Branches:
Dungeon (6/15) Zot: 26706
 Temple: D:4-7

Altars:
Ashenzari
Dithmenos
Elyvilon
Kikubaaqudgha
Makhleb
Sif Muna


Innate Abilities, Weirdness & Mutations

You are immune to sickness and miasma.
Your stone body is resilient. (AC +6)
You are immune to poison.
You resist negative energy. (rN+)
You are resistant to electric shocks. (rElec)
You are resistant to unholy torment.
You are immune to petrification.


Message History

You hear some strange, mumbled words.
A puff of flame appears from out of thin air!
The puff of flame hits you.
The orc warrior hits you but does no damage.
You barely miss the orc priest.
The orc priest is almost dead.
You hear some strange, mumbled words.
You are confused.
The orc hits you but does no damage.
The orc warrior hits you but does no damage.
Something hits you but does no damage.
The orc priest mumbles some strange prayers to Beogh against you.
Pain shoots through your body!
The orc priest attacks as you move away!
The orc priest hits you but does no damage.
The orc hits you but does no damage. Something hits you but does no damage.
You bump into the rock wall.
The orc priest mumbles some strange prayers to Beogh against you.
Beogh smites you!
You're too confused to move!
Something hits you but does no damage. The orc hits you with a +0 hand axe.
You miss something. The orc hits you with a +0 hand axe.
* * * LOW HITPOINT WARNING * * *
Something hits you but does no damage.
The orc warrior hits you with a +0 flail.
* * * LOW HITPOINT WARNING * * *
The orc priest invokes the aid of Beogh against you.
Beogh smites you!
* * * LOW HITPOINT WARNING * * *
Something hits you but does no damage.
The orc warrior hits you but does no damage.
The orc priest calls upon Beogh to heal the orc warrior.
You are too confused!
You feel purified!
You hear some strange, mumbled words.
A magic dart appears from out of thin air!
The magic dart hits you but does no damage.
Something hits you but does no damage.
The orc warrior hits you with a +0 flail.
You die...

#### #.. ###### #.###
.....###.#.#######
.)..)............#
............####.# #
#..).###..######@##.####
####.# #...# #o{.o......
........# #..o##.####
###........# #..........
)###.......#.....##.####
...#......##...... #
[..#.....##..#....
...####..#...#...##
.....## #.. ##..#


You could see an orc warrior, an orc priest and an orc.

Vanquished Creatures
  Grinder (D:4)
  Sigmund (D:3)
  An orc warrior (D:6)
  4 ogres
  A phantom (D:4)
  Blork the orc (D:4)
  3 scorpions
  2 jellies (D:4)
  2 hounds
  An orc priest (D:4)
  Ijyb (D:3)
  8 orc wizards
  5 iguanas
  Robin (D:3)
  7 adders
  An ufetubus (D:5)
  2 worms (D:2)
  3 dart slugs
  7 orcs
  5 endoplasms
  13 goblins
  11 hobgoblins
  5 jackals
  3 quokkas
  11 ball pythons
  6 bats
  5 frilled lizards
  7 kobolds
  11 rats
129 creatures vanquished.

Notes
Turn   | Place    | Note
-------+----------+-------------------------------------------
     0 | D:1      | NateTC the Gargoyle Fighter began the quest for the Orb.
     0 | D:1      | Reached XP level 1. HP: 14/14 MP: 1/1
   222 | D:1      | Reached XP level 2. HP: 19/19 MP: 2/2
   801 | D:1      | Reached XP level 3. HP: 23/23 MP: 3/3
  1358 | D:2      | Reached XP level 4. HP: 27/28 MP: 4/4
  1623 | D:2      | Found a broken altar of Ashenzari.
  1882 | D:3      | Noticed Ijyb
  1901 | D:3      | Killed Ijyb
  1936 | D:3      | Found a burning altar of Makhleb.
  1945 | D:3      | Noticed Robin
  1973 | D:3      | HP: 1/28 [goblin/+0 club[Robin] (3)]
  1981 | D:2      | HP: 1/28 [goblin/+0 club[Robin] (2)]
  2206 | D:3      | Reached skill level 5 in Maces & Flails
  2206 | D:3      | Reached XP level 5. HP: 30/32 MP: 5/5
  2216 | D:3      | Noticed Sigmund
  2241 | D:3      | Killed Sigmund
  2242 | D:3      | Reached XP level 6. HP: 21/37 MP: 6/6
  2464 | D:3      | Killed Robin
  2723 | D:4      | Noticed Blork the orc
  2734 | D:4      | Killed Blork the orc
  3018 | D:4      | Reached XP level 7. HP: 42/44 MP: 7/7
  3185 | D:4      | Found a shadowy altar of Dithmenos.
  3271 | D:4      | Noticed Grinder
  3296 | D:4      | Killed Grinder
  3297 | D:4      | Reached skill level 5 in Armour
  3428 | D:4      | Found a shimmering blue altar of Sif Muna.
  3652 | D:4      | Found a white marble altar of Elyvilon.
  3966 | D:4      | Found an ancient bone altar of Kikubaaqudgha.
  4319 | D:4      | Became a worshipper of Elyvilon the Healer
  4335 | D:5      | Entered Level 5 of the Dungeon
  4350 | D:5      | Reached XP level 8. HP: 36/48 MP: 8/8
  4566 | D:5      | Identified the ring "Wekh" {rPois Str+3 Int+6 Dex-3}
  4771 | D:5      | Reached * piety under Elyvilon
  5169 | D:6      | Reached XP level 9. HP: 36/52 MP: 9/9
  5280 | D:6      | HP: 1/52 [orc priest/divine providence (11)]
  5281 | D:6      | Slain by an orc warrior

Illustrated notes

Levels and vault maps discovered:
D:1:      dpeg_arrival_ratfight, layout_loops_corners, serial_forest,
          infiniplex_forest_corner_2, infiniplex_forest_clump_C,
          infiniplex_forest_zigzag_2, infiniplex_forest_clump_small,
          infiniplex_forest_clump_double, infiniplex_forest_lined_2,
          infiniplex_forest_lined_4_way, chequers_big_river
D:2:      layout_basic, basic_altar
D:3:      layout_rooms, lemuel_doored_altar, kennysheep_generic_room_8,
          uniq_ijyb, uniq_robin, uniq_sigmund
D:4:      layout_layer_cave, general_overflow_altar, grunt_dithmenos_smoke,
          nicolae_elyvilon_peaceful_grove, mainiacjoe_overflow_24_doors,
          uniq_grinder, uniq_blork_the_orc
D:5:      layout_rooms
D:6:      minmay_flawed_box, layout_loops_ring, minmay_temple_entry_wispy,
          chequers_avenue

Skill      XL: |  1  2  3  4  5  6  7  8  9 |
---------------+----------------------------+-----
Maces & Flails | 3 4 5 6 7 8 |  8.6
Fighting       | 4 |  4.4
Armour         | 6 8 |  8.2
Shields        | 4 |  4.0

Action                     |  1- 3 |  4- 6 |  7- 9 || total
---------------------------+-------+-------+-------++-------
  Melee: Flail             |    93 |   122 |       ||   215
         Morningstar       |       |    46 |   208 ||   254
 Invoke: Purification      |       |       |     1 ||     1
    Use: Scroll            |     4 |     4 |     7 ||    15
         Potion            |       |     3 |     2 ||     5
 Armour: Scale mail        |    64 |    86 |       ||   150
         Plate armour      |       |    71 |   176 ||   247
  Dodge: Dodged            |    63 |    74 |    48 ||   185
  Block: Buckler           |    25 |    40 |    37 ||   102
